[Event "Slovakian-ch Youth 2022"]
[Site "Lubovna"]
[Date "2022.05.22"]
[Round "2.8"]
[White "Valko, Michal"]
[Black "Zdrazil, Patrik"]
[Result "0-1"]
[ECO "B59"]
[WhiteElo "1906"]
[BlackElo "1997"]
[Annotator "TA"]
[PlyCount "63"]
[EventDate "2022.05.22"]
[EventCountry "SVK"]
[SourceTitle "playchess.com"]
[Source "ChessBase"]
[SourceQuality "1"]
[TimeControl "40/5400+30:1800+30"]

1. e4 c5 2. Nf3 d6 3. d4 cxd4 4. Nxd4 Nf6 5. Nc3 Nc6 6. Be2 e5 7. Nb3 Be7 8. O-O O-O 9. Bf3 Be6 {[%emt 0:06:31] B59: Classical Sicilian: 6 Be2 e5 7 Nb3.} 10. Nd5 Rc8 {[%emt 0:06:55] [#]} 11. a4 $146 ({Predecessor:} 11. Be3 Re8 12. c4 b6 13. Qd2 Bf8 14. a4 Nb8 15. Rfc1 Nbd7 16. a5 Bxd5 17. cxd5 Rxc1+ 18. Rxc1 {1-0 (45) Ramirez,A (2288)-Galaviz Valdez,M (2110) Hermosillo 2002}) 11... Bxd5 {[%emt 0:15:29] The position is equal.} 12. exd5 Na5 13. Nd2 Nc4 14. b3 Nxd2 15. Qxd2 Nd7 16. c4 a5 17. Ba3 f5 18. Be2 e4 19. b4 Ne5 (19... f4 $5 20. f3 e3 $11) 20. Qa2 $2 {[%emt 0:04:36] Now White is beyond hope.} (20. Qc2 $11 {and White stays safe.}) 20... f4 $19 {[%emt 0:09:14] [#] aiming for ...f3.} 21. Rfe1 (21. f3 $142 axb4 22. Bc1) 21... f3 22. Bf1 fxg2 23. Kxg2 (23. Bxg2 axb4 24. Bxb4) 23... Bh4 24. Re2 Qg5+ {[%emt 0:03:13] Black mates.} 25. Kh1 Nf3 26. Bg2 Qf4 27. Bxf3 Qxf3+ 28. Kg1 Rf6 29. Rc2 Rcf8 30. Re1 Qg4+ 31. Kh1 Rxf2 32. bxa5 {[%emt 0:01:44] Weighted Error Value: White=0.80/Black=0.04 (flawless)} 0-1

[Event "Slovakian-ch Youth 2022"]
[Site "Lubovna"]
[Date "2022.05.22"]
[Round "2.8"]
[White "Demjan, David"]
[Black "Visvader, Kristof"]
[Result "0-1"]
[ECO "D43"]
[WhiteElo "1375"]
[BlackElo "1607"]
[Annotator "NA COMBH"]
[PlyCount "52"]
[EventDate "2022.05.22"]
[EventCountry "SVK"]
[SourceTitle "playchess.com"]
[Source "ChessBase"]
[SourceQuality "1"]
[TimeControl "40/5400+30:1800+30"]

1. d4 d5 2. c4 e6 3. Nc3 Nf6 4. Nf3 c6 5. Bg5 Be7 6. e3 O-O 7. cxd5 exd5 8. Bd3 Nbd7 9. O-O Re8 10. Qc2 Nf8 11. Ne5 N6d7 12. Bxe7 Qxe7 13. f4 f6 14. Ng4 Nb6 15. Nf2 Qxe3 16. Rae1 Qxe1 17. Rxe1 Rxe1+ 18. Bf1 Nc4 19. Ncd1 Ne3 20. Nxe3 Rxe3 21. Qd2 Re7 22. g3 Be6 23. Nd3 Rae8 24. Qa5 b6 25. Qc3 Rc8 26. b4 Bf5 0-1

[Event "Slovakian-ch Youth 2022"]
[Site "Lubovna"]
[Date "2022.05.22"]
[Round "2.9"]
[White "Sokolovsky, Jakub"]
[Black "Priechodsky, Radovan"]
[Result "0-1"]
[ECO "B00"]
[WhiteElo "1613"]
[BlackElo "1965"]
[Annotator "TA"]
[PlyCount "60"]
[EventDate "2022.05.22"]
[EventCountry "SVK"]
[SourceTitle "playchess.com"]
[Source "ChessBase"]
[SourceQuality "1"]
[TimeControl "40/5400+30:1800+30"]

1. e4 a6 2. d4 d6 3. Nf3 g6 4. c4 Bg7 5. Nc3 Nd7 6. Bd3 {[%emt 0:02:43] B00: Queen's Fianchetto Defence, Nimzowitsch Defence.} c5 7. d5 Ngf6 8. O-O {[%emt 0:03:23] White is better.} O-O 9. Rb1 Ng4 {[%emt 0:01:25] [#]} 10. h3 $146 ({Predecessor:} 10. b3) 10... Nge5 11. Nxe5 Nxe5 12. f4 ({Better is} 12. Be2 $14) 12... Nxd3 $15 13. Qxd3 b5 14. Re1 bxc4 (14... Qa5 $5 ) 15. Qxc4 a5 16. e5 Ba6 17. Qe4 Qb6 18. a3 (18. Bd2 $11) 18... Rab8 19. Bd2 Qb3 20. Re3 Qc4 (20... Bc8 $142 {Hoping for ...Bf5.} 21. Na4 Bf5 22. Rxb3 Bxe4 23. Rxb8 Rxb8) 21. Qf3 dxe5 22. fxe5 Qd4 $36 {[%emt 0:00:11][%csl LRd2,LRe5][%mdl 2048] Black is in control.} 23. Be1 Bh6 {[%emt 0:06:55] A strong pair of Bishops.} ({Reject} 23... Bxe5 $6 24. Rd1 Qf4 25. Qxf4 Bxf4 26. Rxe7 $11) 24. Bf2 Bxe3 25. Bxe3 Qxe5 26. Bh6 (26. Qf2 $17 {was worth a try.}) 26... Rfd8 {[%emt 0:02:13] [#] Threatens to win with ...g5.} 27. Rd1 $2 (27. Bf4 Qd4+ 28. Be3) 27... Rxb2 28. d6 $2 (28. Bf4 Qf6 29. Ne4) 28... exd6 {[%emt 0:05:52] White must now prevent ...Bb7. Black is clearly winning.} 29. Ne4 Be2 30. Nf6+ (30. Qf6 $142 Qxf6 31. Nxf6+ Kh8 32. Rc1) 30... Kh8 {[%emt 0:00:14] Weighted Error Value: White=0.56/Black=0.20 (precise)} 0-1

[Event "Slovakian-ch Youth 2022"]
[Site "Lubovna"]
[Date "2022.05.22"]
[Round "2.10"]
[White "Kostura, Daniel"]
[Black "Kapec, Kristian"]
[Result "0-1"]
[ECO "B23"]
[WhiteElo "1510"]
[BlackElo "1902"]
[Annotator "TA"]
[PlyCount "82"]
[EventDate "2022.05.22"]
[EventCountry "SVK"]
[SourceTitle "playchess.com"]
[Source "ChessBase"]
[SourceQuality "1"]
[TimeControl "40/5400+30:1800+30"]

1. e4 c5 2. Nc3 g6 3. f4 Bg7 4. Nf3 e6 5. e5 Ne7 6. d4 {[%emt 0:03:23] B23: Closed Sicilian: Lines without g3.} (6. Ne4 $1 $16 ) 6... cxd4 $11 7. Nxd4 Nbc6 8. Be3 {[%emt 0:02:39] [#] White has an edge.} f6 $146 (8... O-O $11) ({Predecessor:} 8... O-O 9. Ncb5 a6 10. Nd6 Nf5 11. N4xf5 exf5 12. Qd2 b5 13. Bc5 Ne7 14. O-O-O Qc7 {1-0 (30) Cherry,B (731)-Jokmin,A (763) LSS email 2012}) 9. exf6 $16 Bxf6 10. Nxc6 ({Better is} 10. Ne4 $16 O-O 11. Nxf6+ Rxf6 12. g3) 10... Nxc6 (10... bxc6 $11 11. Bd3 O-O) 11. Qd2 (11. Ne4 $1 $14) 11... d5 $11 12. Bf2 Qa5 13. Bb5 O-O {[%emt 0:01:23] ...Bxc3 is the strong threat.} 14. Bxc6 (14. Be2 $1 $11) 14... bxc6 $17 15. Bd4 Qb4 (15... Bxd4 $17 16. Qxd4 Rb8) 16. O-O-O (16. Bxf6 $15 Rxf6 17. O-O) 16... Bxd4 17. Qxd4 Rxf4 18. Qe3 (18. Qxb4 $142 Rxb4 19. Rhe1) 18... Rb8 19. b3 Rf7 (19... Rb7 $142 20. Na4 Re7) 20. Na4 (20. Rdf1 $17) 20... Qf4 $2 (20... Qa3+ $19 21. Kd2 d4) 21. Qd2 (21. Qxf4 $15 Rxf4 22. Nc5) 21... Rb4 {[%emt 0:01:06] Black is more active.} ({Black should play} 21... e5 22. Qxf4 Rxf4) 22. Nc5 Qxd2+ 23. Rxd2 Rbf4 24. Re1 {[%emt 0:00:53] [#]} Rf1 $1 $36 {[%emt 0:00:08][%mdl 2048] Black is on the roll.} 25. Rdd1 Rxe1 (25... R1f2 $17 26. Rd2 Rxd2 27. Kxd2 Rf2+ 28. Re2 Rxe2+ 29. Kxe2 Kg7) 26. Rxe1 {[%emt 0:00:02][%mdl 4096] Endgame KRB-KRN} Rf6 {[%emt 0:02:34] Black keeps a firm grip on the game.} 27. Re2 Kf7 28. Kd2 {[%emt 0:01:29] [#]} ({White should try} 28. Nd3) 28... Ke7 $1 29. c3 Kd6 30. b4 e5 31. Ke3 (31. Ke1 {was called for.}) 31... Rf4 32. Rf2 (32. h3 $142) 32... Rxf2 $19 33. Kxf2 {[%emt 0:00:03] KB-KN} d4 34. cxd4 $2 (34. c4) 34... exd4 35. Ne4+ Kd5 36. Nd2 Bf5 {[%emt 0:00:36] White must now prevent ...c5.} 37. a3 (37. Ke2 {was necessary.}) 37... c5 38. bxc5 Kxc5 39. Ke2 Kb5 40. g3 Ka4 41. Nf3 (41. g4 $142 Bxg4+ 42. Kd3) 41... Bg4 {[%emt 0:00:32] Weighted Error Value: White=0.68/Black=0.31} 0-1

[Event "Slovakian-ch Youth 2022"]
[Site "Lubovna"]
[Date "2022.05.22"]
[Round "2.10"]
[White "Cerven, Samuel"]
[Black "Toth, Marton"]
[Result "1-0"]
[ECO "B50"]
[WhiteElo "1353"]
[BlackElo "1849"]
[Annotator "NA RC COMBH"]
[PlyCount "103"]
[EventDate "2022.05.22"]
[EventCountry "SVK"]
[SourceTitle "playchess.com"]
[Source "ChessBase"]
[SourceQuality "1"]
[TimeControl "40/5400+30:1800+30"]

1. e4 c5 2. Nf3 d6 3. c3 Nf6 4. h3 Nc6 5. Bd3 g6 6. Bc2 Bg7 7. O-O O-O 8. d4 cxd4 9. cxd4 e6 10. Nc3 a6 11. a3 b5 12. Bg5 Qc7 13. Rc1 Bb7 14. Re1 Rac8 15. Qd2 Rfe8 16. Bb1 Qb6 17. Red1 b4 18. axb4 Nxb4 19. Be3 Qd8 20. Bh6 Bh8 21. Qe3 Rc7 22. Ne2 Rxc1 23. Rxc1 Qa8 24. Ng3 e5 25. d5 Nd7 26. Qa3 Nxd5 27. exd5 Bxd5 28. Qxd6 Nf6 29. Rc7 Qd8 30. Qxd8 Rxd8 31. Nxe5 Ne8 32. Re7 Bf6 33. Rd7 Nc7 34. Rxd8+ Bxd8 35. Bd2 Bf6 36. Bc3 Nb5 37. Ne2 Bxg2 38. Kxg2 Nxc3 39. Nxc3 Bxe5 40. Na4 Bd4 41. b3 a5 42. f3 Kf8 43. Kg3 Ke7 44. Kf4 f5 45. Kg5 Be3+ 46. Kh4 Bf2+ 47. Kg5 Be3+ 48. f4 Ke6 49. Nc3 h6+ 50. Kxg6 Bxf4 51. Bxf5+ Ke7 52. Nd5+ 1-0

[Event "Slovakian-ch Youth 2022"]
[Site "Lubovna"]
[Date "2022.05.22"]
[Round "2.11"]
[White "Cedzo, Adam"]
[Black "Babjak, Samuel"]
[Result "1-0"]
[ECO "C13"]
[WhiteElo "1869"]
[BlackElo "1577"]
[Annotator "NA RC COMBH"]
[PlyCount "73"]
[EventDate "2022.05.22"]
[EventCountry "SVK"]
[SourceTitle "playchess.com"]
[Source "ChessBase"]
[SourceQuality "1"]
[TimeControl "40/5400+30:1800+30"]

1. e4 e6 2. d4 d5 3. Nc3 Nf6 4. Bg5 dxe4 5. Nxe4 Be7 6. Nxf6+ Bxf6 7. Bxf6 Qxf6 8. Nf3 b6 9. Qd3 Bb7 10. Be2 O-O 11. h4 Rd8 12. Qe3 c5 13. O-O-O Nd7 14. Rh3 Rac8 15. Kb1 cxd4 16. Rxd4 e5 17. Rd2 e4 18. Ng5 Nc5 19. Bc4 Rxd2 20. Qxd2 Rc7 21. Ra3 Rd7 22. Bxf7+ Rxf7 23. Nxf7 Qxf7 24. Rxa7 Qd5 25. Kc1 Qc6 26. Qc3 Qh6+ 27. Kd1 Qxh4 28. b4 Qh1+ 29. Qe1 Qh5+ 30. Kc1 Qg5+ 31. Kb1 Bd5 32. bxc5 bxc5 33. Qe3 Qh5 34. Ra5 Qh1+ 35. Kb2 Qxg2 36. Qxc5 Be6 37. Qe7 1-0

[Event "Slovakian-ch Youth 2022"]
[Site "Lubovna"]
[Date "2022.05.22"]
[Round "2.11"]
[White "Kurimsky, Kristian"]
[Black "Kudela, Oliver"]
[Result "1-0"]
[ECO "B20"]
[WhiteElo "1006"]
[BlackElo "1344"]
[Annotator "NA COMBH"]
[PlyCount "60"]
[EventDate "2022.05.22"]
[EventCountry "SVK"]
[SourceTitle "playchess.com"]
[Source "ChessBase"]
[SourceQuality "1"]
[TimeControl "40/5400+30:1800+30"]

1. e4 c5 2. Bc4 e6 3. d3 Nc6 4. Nf3 d6 5. Nc3 a6 6. a3 g6 7. d4 cxd4 8. Nxd4 Bd7 9. Be3 Bg7 10. Nxc6 Bxc6 11. f3 Ne7 12. Qd2 Rc8 13. Bh6 Bxh6 14. Qxh6 Bxe4 15. Nxe4 Nf5 16. Qd2 Rxc4 17. g4 Nd4 18. Qd3 Nxc2+ 19. Ke2 d5 20. Rac1 Qc7 21. b3 Nd4+ 22. Qxd4 e5 23. Rxc4 dxc4 24. Nd6+ Kd7 25. Qxe5 Qb8 26. Rd1 Kc6 27. Qd5+ Kb6 28. Qd4+ Kc6 29. Qxc4+ Kb6 30. Qd4+ Ka5 1-0

[Event "Slovakian-ch Youth 2022"]
[Site "Lubovna"]
[Date "2022.05.22"]
[Round "2.12"]
[White "Vida, Gergo"]
[Black "Gourlay, Martin B"]
[Result "0-1"]
[ECO "D11"]
[WhiteElo "1821"]
[BlackElo "1911"]
[Annotator "TA"]
[PlyCount "72"]
[EventDate "2022.05.22"]
[EventCountry "SVK"]
[SourceTitle "playchess.com"]
[Source "ChessBase"]
[SourceQuality "1"]
[TimeControl "40/5400+30:1800+30"]

1. d4 c6 2. c4 d5 3. Nf3 Nf6 4. Bg5 g6 5. e3 Ne4 6. Bh4 {[%emt 0:02:51] D11: Slav Defence: 3 Nf3 sidelines and 3...Nf6 4 e3 Bg4.} Bg7 7. Nbd2 {[%emt 0:01:25] [#]} Nxd2 $146 ({Predecessor:} 7... Bg4 8. Be2 h6 9. cxd5 cxd5 10. Qb3 Nxd2 11. Nxd2 Bxe2 12. Kxe2 Qd7 13. h3 O-O {0-1 (24) Rozo Pulido,C (1456)-Velasco,L (1819) Ibague 2013}) 8. Qxd2 {[%emt 0:00:35] White is slightly better.} Bg4 9. Qd1 Bxf3 10. Qxf3 (10. gxf3 $11 Nd7 11. Qb3) 10... Qa5+ $17 11. Kd1 O-O 12. Bxe7 Re8 13. Bf6 Nd7 (13... Bxf6 $142 14. Qxf6 c5) 14. Bxg7 Kxg7 15. Bd3 Rad8 ({Better is} 15... c5 $1 $17 16. a3 (16. Qxd5 Rad8 $15) (16. cxd5 cxd4 17. e4 Rac8 $17) 16... cxd4 17. Qxd5 Qxd5 18. cxd5 dxe3) 16. Ke2 $2 {[%emt 0:02:56] [#]} (16. c5 $1 $14 {keeps the upper hand.}) 16... Nf6 (16... c5 $1 $17 {[%cal Rc5d4] White must now prevent ...cxd4.} 17. Kf1 (17. Qxd5 $2 Qb6 $19) (17. cxd5 cxd4 18. Rhd1 Ne5 $19) 17... Qb6 18. cxd5 cxd4) 17. Rhc1 $1 $11 c5 $36 {[%emt 0:00:47][%mdl 2048] Black is pushing.} 18. dxc5 (18. cxd5 cxd4 19. b4 Qb6 $17) (18. Kf1 $1 $11) 18... d4 $1 $15 {[%emt 0:02:12][%cal Bd5d4,Bd4e3,Be3e2][%mdl 32] Black is more active.} ({Much worse is} 18... dxc4 19. Bxc4 Rd2+ 20. Kf1 $11) 19. a3 {[%emt 0:11:16] Black keeps a firm grip on the game.} ({Don't blunder} 19. Kf1 $2 dxe3 20. Be2 Ne4 $19) (19. e4 $17 {was worth a try.}) 19... Qxc5 $19 ({Inferior is} 19... dxe3 20. fxe3 Qxc5 21. Rc3 $17) 20. Kf1 $2 (20. b4 Qe5 21. e4) 20... dxe3 21. Bb1 (21. Rd1 $19 exf2 22. Qxf2) 21... e2+ 22. Ke1 {[%emt 0:01:41] [#]} Qd4 (22... Ng4 $142 $1 23. Bd3 (23. Be4 Rxe4) 23... Ne5 24. Be4 Nxf3+ 25. Bxf3 Rd1+ 26. Rxd1 exd1=N+ 27. Kxd1 Qxf2 28. Kc1 Re1+ 29. Bd1 Qe2 30. Kb1 Rxd1+ 31. Ka2 Qxc4+ 32. b3 Qe2#) 23. Bd3 Qxd3 24. Qxd3 Rxd3 25. Rc2 Rb3 26. Rb1 Nd7 27. Rd2 (27. Rxe2 $142 Rxe2+ 28. Kxe2) 27... Nc5 {[%emt 0:01:40] Threatens to win with ...Nd3+.} 28. Rxe2 Nd3+ 29. Kd2 Rxe2+ 30. Kxe2 Rxb2+ 31. Rxb2 Nxb2 {[%emt 0:00:29] KN-KP} 32. c5 Na4 33. c6 bxc6 34. Kd3 Nb6 35. Kd4 Nc8 36. Kc5 Ne7 {[%emt 0:01:10] Weighted Error Value: White=0.84/Black=0.44} 0-1

[Event "Slovakian-ch Youth 2022"]
[Site "Lubovna"]
[Date "2022.05.22"]
[Round "2.12"]
[White "Mederly, Jan"]
[Black "Kostelansky, Karol"]
[Result "1-0"]
[ECO "A80"]
[WhiteElo "1446"]
[BlackElo "1821"]
[Annotator "NA RC COMBH"]
[PlyCount "89"]
[EventDate "2022.05.22"]
[EventCountry "SVK"]
[SourceTitle "playchess.com"]
[Source "ChessBase"]
[SourceQuality "1"]
[TimeControl "40/5400+30:1800+30"]

1. d4 f5 2. Nc3 Nf6 3. Bf4 e6 4. g4 Nxg4 5. e4 c6 6. Qf3 d5 7. exf5 exf5 8. O-O-O Be7 9. Qg3 Bh4 10. Qg2 O-O 11. Nh3 Re8 12. Rg1 Bf6 13. Ne2 Qb6 14. Bg5 Qd8 15. Bf4 Na6 16. a3 b5 17. Rd3 Qa5 18. f3 Ne3 19. Bxe3 Rxe3 20. b4 Nxb4 21. Rxe3 Na2+ 22. Kb1 b4 23. Kxa2 bxa3 24. Rb3 c5 25. dxc5 Qe1 26. Rb1 Qa5 27. Nc1 Be6 28. Nf4 Bf7 29. Nb3 Qa4 30. Nh5 Bxh5 31. f4 Bf7 32. Bd3 Rb8 33. Qd2 d4 34. Rgc1 g6 35. h4 Bxh4 36. Rh1 Be7 37. Qh2 h5 38. Rbg1 Kf8 39. Re1 Bxc5 40. Qe2 Bb4 41. Qe5 Bxe1 42. Qxb8+ Kg7 43. Qe5+ Kh7 44. Rxe1 Qb4 45. Qe7 1-0

[Event "Slovakian-ch Youth 2022"]
[Site "Lubovna"]
[Date "2022.05.22"]
[Round "2.13"]
[White "Kuna, Patrik"]
[Black "Chovanec, Adrian"]
[Result "1-0"]
[ECO "C29"]
[WhiteElo "1811"]
[BlackElo "1498"]
[Annotator "NA RC COMBH"]
[PlyCount "57"]
[EventDate "2022.05.22"]
[EventCountry "SVK"]
[SourceTitle "playchess.com"]
[Source "ChessBase"]
[SourceQuality "1"]
[TimeControl "40/5400+30:1800+30"]

1. e4 e5 2. Nc3 Nf6 3. f4 Bd6 4. Nf3 exf4 5. d4 Bb4 6. Bd3 Bxc3+ 7. bxc3 O-O 8. O-O d5 9. e5 Nh5 10. Ne1 g6 11. Be2 Ng7 12. Bxf4 a6 13. Nf3 f6 14. Qd2 Nc6 15. exf6 Ne6 16. Be5 Nxe5 17. dxe5 c5 18. Rad1 d4 19. cxd4 cxd4 20. Nxd4 Nxd4 21. Qxd4 Qxd4+ 22. Rxd4 Be6 23. Bc4 Bxc4 24. Rxc4 Rac8 25. Rxc8 Rxc8 26. e6 Kf8 27. Rf2 Re8 28. Re2 Rc8 29. Kf2 1-0

[Event "Slovakian-ch Youth 2022"]
[Site "Lubovna"]
[Date "2022.05.22"]
[Round "2.13"]
[White "Horvath, Simon"]
[Black "Ammer, Erik"]
[Result "0-1"]
[ECO "C64"]
[WhiteElo "1343"]
[BlackElo "1320"]
[Annotator "NA COMBH"]
[PlyCount "96"]
[EventDate "2022.05.22"]
[EventCountry "SVK"]
[SourceTitle "playchess.com"]
[Source "ChessBase"]
[SourceQuality "1"]
[TimeControl "40/5400+30:1800+30"]

1. e4 e5 2. Nf3 Nc6 3. Bb5 Bc5 4. O-O d6 5. Nc3 Nf6 6. d3 Bg4 7. h3 Bh5 8. Bg5 h6 9. Bxf6 Qxf6 10. Nd5 Qd8 11. c4 O-O 12. Bxc6 bxc6 13. Nc3 Qd7 14. Qe2 f5 15. exf5 Qxf5 16. Qe4 Bxf3 17. Qxf3 Qxf3 18. gxf3 Rxf3 19. Kg2 Rxd3 20. Rad1 Rxd1 21. Rxd1 Rf8 22. Ne4 Bd4 23. Rd3 d5 24. cxd5 cxd5 25. Nc3 Rxf2+ 26. Kg3 Rxb2 27. Nxd5 Rxa2 28. Nxc7 a5 29. Nb5 Bb2 30. Rd2 e4 31. Nc3 Ra3 32. Kf4 Bxc3 33. Rd1 Ra1 34. Rd5 a4 35. Kf5 a3 36. Kg6 Rg1+ 37. Kh5 Rg5+ 38. Rxg5 hxg5 39. Kxg5 a2 40. Kf4 a1=Q 41. Kxe4 Qa4+ 42. Kf3 Qd4 43. Kg3 Bd2 44. Kg2 Qe3 45. Kh2 Be1 46. Kh1 Qg3 47. h4 Bf2 48. h5 Qg1# 0-1

[Event "Slovakian-ch Youth 2022"]
[Site "Lubovna"]
[Date "2022.05.22"]
[Round "2.14"]
[White "Rybiansky, Jergus"]
[Black "Bidulsky, Matej"]
[Result "0-1"]
[ECO "D00"]
[WhiteElo "1379"]
[BlackElo "1800"]
[Annotator "NA RC COMBH"]
[PlyCount "90"]
[EventDate "2022.05.22"]
[EventCountry "SVK"]
[SourceTitle "playchess.com"]
[Source "ChessBase"]
[SourceQuality "1"]
[TimeControl "40/5400+30:1800+30"]

1. d4 c5 2. c3 d5 3. Bf4 Nc6 4. e3 Nf6 5. Bd3 Bg4 6. Nf3 Nh5 7. Bg3 Qb6 8. Qb3 c4 9. Qxb6 axb6 10. Be2 Nxg3 11. hxg3 b5 12. Nbd2 b4 13. e4 e6 14. Rh4 h5 15. Ng1 Bxe2 16. Nxe2 b5 17. exd5 exd5 18. Nf4 g5 19. Rxh5 Rxh5 20. Nxh5 Be7 21. Ng7+ Kd7 22. Nf5 Bf6 23. f4 bxc3 24. bxc3 b4 25. fxg5 bxc3 26. gxf6 c2 27. Nxc4 dxc4 28. Kd2 Ke6 29. d5+ Kxd5 30. Ne3+ Kc5 31. Nxc2 Nd4 32. g4 Re8 33. Nxd4 Kxd4 34. Rb1 c3+ 35. Kc2 Re2+ 36. Kb3 c2 37. Rc1 Kd3 38. a4 Re8 39. a5 Rb8+ 40. Ka2 Ra8 41. Kb2 Rb8+ 42. Ka2 Kd2 43. Rh1 Rb5 44. Rh5 Rxh5 45. gxh5 Kc3 0-1

[Event "Slovakian-ch Youth 2022"]
[Site "Lubovna"]
[Date "2022.05.22"]
[Round "2.14"]
[White "Hasala, Richard"]
[Black "Kakus, Oliver"]
[Result "1-0"]
[ECO "B00"]
[WhiteElo "1318"]
[BlackElo "1000"]
[Annotator "NA RC COMBH"]
[PlyCount "79"]
[EventDate "2022.05.22"]
[EventCountry "SVK"]
[SourceTitle "playchess.com"]
[Source "ChessBase"]
[SourceQuality "1"]
[TimeControl "40/5400+30:1800+30"]

1. e4 d6 2. d4 e5 3. dxe5 dxe5 4. Qxd8+ Kxd8 5. Nf3 Nc6 6. Bb5 Bg4 7. Bxc6 bxc6 8. Nxe5 Be6 9. Nxc6+ Kd7 10. Nd4 Bb4+ 11. c3 Ba5 12. O-O Bb6 13. Rd1 Bxd4 14. cxd4 Rd8 15. Nc3 Nf6 16. Bg5 h6 17. Bh4 g5 18. Bg3 Bg4 19. f3 Bh5 20. Be5 Ke6 21. Nd5 g4 22. Bxf6 Rxd5 23. Bxh8 Rg5 24. f4 Rg8 25. f5+ Kd6 26. Be5+ Ke7 27. Rac1 c6 28. Rxc6 g3 29. Rc7+ Kf8 30. Rc8+ Ke7 31. Rxg8 Bxd1 32. f6+ Ke6 33. Re8+ Kd7 34. Re7+ Kd8 35. Rxf7 Ke8 36. Rxa7 Ba4 37. f7+ Kd8 38. f8=Q+ Be8 39. Bf6+ Kc8 40. Qxe8# 1-0

[Event "Slovakian-ch Youth 2022"]
[Site "Lubovna"]
[Date "2022.05.22"]
[Round "2.15"]
[White "Compel, Daniel"]
[Black "Rak, Martin"]
[Result "1-0"]
[ECO "E17"]
[WhiteElo "2106"]
[BlackElo "1849"]
[Annotator "TA"]
[PlyCount "91"]
[EventDate "2022.05.22"]
[EventCountry "SVK"]
[SourceTitle "playchess.com"]
[Source "ChessBase"]
[SourceQuality "1"]
[TimeControl "40/5400+30:1800+30"]

1. d4 Nf6 2. c4 e6 3. Nf3 b6 4. g3 Bb7 5. Bg2 Be7 6. Nc3 O-O 7. d5 {[%emt 0:00:16] 7.Qc2 is a critical line.} Bb4 8. O-O {[%emt 0:05:08] E17: Queen's Indian: 4 g3 Bb7 5 Bg2 Be7.} Bxc3 9. bxc3 exd5 (9... d6 $11) 10. Nh4 $14 {[%emt 0:00:08][%cal Rc4d5,Bf3h4,Bh4f5,Bf5d4][%mdl 32] [#] White is slightly better.} Ne4 $146 {[%emt 0:01:32] Threatens to win with ...Re8.} ({Predecessor:} 10... Re8 11. cxd5 Ba6 12. Re1 d6 13. e4 Nfd7 14. f4 Nc5 15. Qd4 Nbd7 16. Ba3 Rb8 {1-0 (31) Gyimesi,Z (2618)-Nemeth,M (2375) Hungary 2005}) 11. cxd5 Nxc3 {[%emt 0:04:38] [#]} ({Black should play} 11... Re8 $14) 12. Qd2 (12. Qc2 $1 $16 Nxd5 13. Qd2) 12... Na4 13. Qd4 {[%emt 0:00:58][%mdl 1024] White has compensation.} b5 (13... Nc5 $1 $11) 14. Rb1 a6 (14... d6 $142) 15. Nf5 $16 f6 {[%emt 0:13:33] [#]} 16. Ba3 $40 {[%emt 0:05:52][%mdl 128] White is up to no good.} (16. Bh6 $1 $18 Rf7 17. Qg4) 16... d6 $1 $14 17. Qg4 g6 {[%emt 0:06:38] ...Bc8 is the strong threat.} 18. Nd4 $1 Bc8 19. Qh4 {[%emt 0:05:44] 0x0.0024da334432dp-1022s more active pieces.} f5 (19... Nc3 20. Rb3 Na4 21. Bb4 $16) ({Better is} 19... Ra7 $14) 20. Qf4 $16 Nb6 $2 {[%emt 0:04:18] Loses the game.} (20... Qf6 $16) 21. Bb2 {[%emt 0:00:48] Hoping for Ne6.} Nc4 (21... Qe7 $16 22. Ne6 c5) 22. Ba1 $18 {[%emt 0:00:32] A strong pair of Bishops.} Qe7 23. a4 (23. Ne6 $6 c5 24. Nxf8 Qxf8 $18) 23... Nd7 24. Ne6 ({Much less strong is} 24. axb5 $6 Nde5 25. Nc6 Nxc6 $18) 24... Rf7 25. axb5 ({Less strong is} 25. Qd4 Nf6 $16) 25... Na3 (25... Nde5 {was called for.} 26. bxa6 c5 27. Nxc5 g5) 26. Nxc7 ({Weaker is} 26. Qd4 Nf6 $16) 26... Ra7 {[%emt 0:02:49] [#]} 27. Qd4 $1 Ne5 (27... Nf6 28. Qxa7) 28. Qxa7 Qxc7 29. Qxc7 Rxc7 30. Bxe5 Nxb1 31. Rxb1 dxe5 {[%emt 0:00:32][%mdl 4096] Endgame KRB-KRB} 32. d6 Rd7 33. b6 {[%emt 0:00:47] Black must now prevent Bd5+.} e4 (33... Rxd6 $142 34. b7 Bxb7 35. Bxb7 Kg7) 34. Rc1 Rd8 35. Rc7 a5 36. b7 Bxb7 37. Rxb7 Rxd6 {[%emt 0:00:01] KRB-KR} 38. Ra7 Rd1+ 39. Bf1 Ra1 (39... Rd5 $142 40. e3 Kh8) 40. Kg2 {[%emt 0:00:10] White is clearly winning.} h6 41. e3 Ra4 42. Bb5 Ra3 43. Bc4+ Kf8 44. Bf7 Kg7 45. Be8+ Kf6 46. Ra6+ {[%emt 0:00:06] Weighted Error Value: White=0.32/Black=0.58} 1-0

[Event "Slovakian-ch Youth 2022"]
[Site "Lubovna"]
[Date "2022.05.22"]
[Round "2.15"]
[White "Kluska, Lukas"]
[Black "Rybovic, Alex"]
[Result "1-0"]
[ECO "A21"]
[WhiteElo "1215"]
[BlackElo "1000"]
[Annotator "NA COMBH"]
[PlyCount "81"]
[EventDate "2022.05.22"]
[EventCountry "SVK"]
[SourceTitle "playchess.com"]
[Source "ChessBase"]
[SourceQuality "1"]
[TimeControl "40/5400+30:1800+30"]

1. c4 e5 2. Nc3 Bc5 3. Nf3 Nf6 4. Nxe5 Qe7 5. d4 Bb4 6. Bd2 d6 7. Nf3 Bg4 8. Qa4+ c6 9. Qxb4 Bxf3 10. gxf3 b6 11. e3 c5 12. Qa4+ Qd7 13. Qxd7+ Nbxd7 14. Bg2 cxd4 15. exd4 O-O 16. f4 Rae8+ 17. Be3 h6 18. Bc6 a5 19. O-O-O Rc8 20. Bb5 Ng4 21. Bxd7 Rxc4 22. Bxg4 b5 23. Be2 Rc7 24. Bxb5 d5 25. Rhg1 Rb8 26. Bd3 Rcb7 27. b3 g6 28. f5 Rc7 29. Kb2 Kh7 30. fxg6+ fxg6 31. Bxg6+ Kh8 32. Bf4 Rxc3 33. Kxc3 Rc8+ 34. Kb2 Rf8 35. Be5+ Kg8 36. Bf5+ Kf7 37. Rg7+ Ke8 38. Bd7+ Kd8 39. Rc1 Rxf2+ 40. Ka3 Rxh2 41. Bc7# 1-0